 Dungeon Crawl Stone Soup version 0.23.0-3-gf3c87f2 (webtiles) character file.

Game seed: 5751510379447495484

8768 ferdilos the Nimble (level 11, -9/54 HPs)
             Began as a Kobold Enchanter on Feb 24, 2019.
             Mangled by a death yak (10 damage)
             ... on level 11 of the Dungeon.
             The game lasted 00:44:31 (14494 turns).

ferdilos the Nimble (Kobold Enchanter)             Turns: 14494, Time: 00:44:31

Health: -9/54      AC:  5    Str:  7    XL:     11   Next: 62%
Magic:  9/31       EV: 26    Int: 19    God:
Gold:   566        SH:  0    Dex: 21    Spells: 11/25 levels left

rFire    . . .     SeeInvis .   a - +3 dagger
rCold    . . .     Gourm    .   (shield restricted)
rNeg     . . .     Faith    .   h - +1 robe
rPois    .         Spirit   .   (no helmet)
rElec    .         Reflect  .   s - +0 cloak
rCorr    .         Harm     .   (no gloves)
MR       .....                  y - +0 pair of boots
Stlth    +++++.....             n - amulet of regeneration
HPRegen  0.58/turn              v - ring of magical power
MPRegen  0.22/turn              w - +6 ring of dexterity

@: no status effects
A: small, carnivore
a: no special abilities


You were on level 11 of the Dungeon.
You were full.

You visited 1 branch of the dungeon, and saw 11 of its levels.
You also visited: Ossuary.

You collected 566 gold pieces.

Inventory:

Hand Weapons
 a - a +3 dagger (weapon)
Armour
 b - a +0 robe
 h - a +1 robe (worn)
 s - a +0 cloak (worn)
 u - a +0 pair of boots
 y - a +0 pair of boots (worn)
 D - a +0 cloak
Jewellery
 n - an amulet of regeneration (around neck)
 t - an uncursed amulet of regeneration
 v - a ring of magical power (left hand)
 w - a +6 ring of dexterity (right hand)
 x - an uncursed ring of protection from magic
 I - a +3 ring of dexterity
Wands
 i - a wand of clouds (5)
 o - a wand of polymorph (8)
 A - a wand of acid (12)
 B - a wand of paralysis (8)
 K - a wand of random effects (15)
Scrolls
 p - 6 scrolls of teleportation
 z - 2 scrolls of fear
 E - a scroll of remove curse
 G - 2 scrolls of identify
 H - a scroll of noise
Potions
 c - 3 potions of lignification
 e - 4 potions of heal wounds
 f - a potion of curing
 g - a potion of magic
 j - 4 potions of agility
 k - 2 potions of brilliance {unknown}
 l - 2 potions of might {unknown}
 m - 3 potions of flight {unknown}
 q - 3 potions of cancellation {unknown}
 r - a potion of degeneration {unknown}
 C - a potion of haste {unknown}
 F - a potion of invisibility {unknown}
 J - a potion of mutation {unknown}
Comestibles
 d - 23 rations


   Skills:
 - Level 1.3 Short Blades
 * Level 11.5 Dodging
 + Level 11.2 Stealth
 + Level 7.5 Spellcasting
 * Level 10.6 Hexes


You had 11 spell levels left.
You knew the following spells:

 Your Spells              Type           Power        Failure   Level  Hunger
a - Corona                Hex            #####..      1%          1    None
b - Ensorcelled Hibernat  Hex/Ice        ####..       1%          2    None
c - Confuse               Hex            #####...     1%          3    #......
d - Dazzling Spray        Conj/Hex       ####..       3%          3    #......
e - Tukima's Dance        Hex            #####...     1%          3    #......
f - Slow                  Hex            #####...     1%          2    None

Your spell library contained the following spells:

 Spells                   Type           Power        Failure   Level  Hunger
 Cause Fear               Hex            #####.....   1%          4    ###....
 Inner Flame              Hex/Fire       ####....     3%          3    #......
 Portal Projectile        Hex/Tloc       ####..       3%          3    #......
 Animate Skeleton         Necr           N/A          10%         1    None
 Magic Dart               Conj           #...         10%         1    None
 Pain                     Necr           #...         10%         1    None
 Fulminant Prism          Conj/Hex       ####......   11%         4    ###....
 Leda's Liquefaction      Hex/Erth       ####......   11%         4    ###....
 Searing Ray              Conj           #.....       14%         2    None
 Regeneration             Chrm/Necr      #.........   28%         3    #......
 Vampiric Draining        Necr           #.........   28%         3    #......
 Animate Dead             Necr           N/A          67%         4    ###....
 Force Lance              Conj/Tloc      #.......     67%         4    ###....
 Iskenderun's Mystic Bla  Conj           #.......     67%         4    ###....


Dungeon Overview and Level Annotations

Branches:
Dungeon (11/15)            Temple (0/1) D:6
   Lair: D:8-11         Orc: D:9-12

Altars:
Ashenzari
Cheibriados
Gozag
Hepliaklqana
Makhleb
Nemelex Xobeh
Okawaru
Qazlal
Ru
Trog
Uskayaw
Vehumet
Xom
Yredelemnul

Shops:
D:5 }   D:6 *   D:8 *

Annotations:
D:6 3 runed translucent doors, ChickenMitten's ghost, novice DDFi
D:9 2 transporters, poirepourri's ghost, novice MiFi


Innate Abilities, Weirdness & Mutations

You are small and have problems with some larger weapons.
You are carnivorous and can eat meat at any time.


Message History

The death yak barely misses you.
The death yak gores you but does no damage.
Casting: Ensorcelled Hibernation (safe; 1% risk of failure)
Confirm with . or Enter, or press ? or * to list all spells.
Aiming: Ensorcelled Hibernation (safe; 1% risk of failure)
Press: ? - help, Shift-Dir - straight line, f/p - death yak
Aim: a death yak (chance to defeat MR: 4%)
The death yak resists with almost no effort.
The death yak gores you!! The death yak closely misses you.
Casting: Ensorcelled Hibernation (safe; 1% risk of failure)
Confirm with . or Enter, or press ? or * to list all spells.
Aiming: Ensorcelled Hibernation (safe; 1% risk of failure)
Press: ? - help, Shift-Dir - straight line, f/p - death yak
Aim: a death yak (chance to defeat MR: 4%)
The death yak resists with almost no effort.
The death yak gores you!!
Ouch! That really hurt!
* * * LOW HITPOINT WARNING * * *
The death yak gores you!
You die...

..##'##...............#
..#...#...............#
..#...#............####
..#...#..†.........#
..#..^#............#
..#...#............#
..#####............#
..).............[..#
..)............Y@###
#######........#Y######
#.....#.........Y.....#
#.....'................#
#.....#.............#...
#.....'..........#.)..##
.....##.........###.....
.....#.......... ....#
.....#.......... ....#


You could see 3 death yaks.

Vanquished Creatures
  2 two-headed ogres
  A gargoyle (D:10)
  3 trolls
  14 yaks
  A spriggan (D:7)
  3 water moccasins
  2 porcupines (D:11)
  3 orc warriors
  An ice beast (D:10)
  A black bear (D:10)
  7 ogres
  6 centaurs
  A crocodile (D:10)
  An elf zombie (D:4)
  A big kobold (D:10)
  2 bullfrogs
  3 elf skeletons (D:4)
  2 scorpions
  6 killer bees (D:9)
  2 howler monkeys
  A bullfrog zombie (D:5)
  3 crimson imps
  A hound (D:4)
  A quasit (D:9)
  A jelly (D:10)
  2 bullfrog skeletons
  7 orc priests
  12 orc wizards
  3 human skeletons (D:4)
  3 iguanas
  2 hell rats (D:11)
  A killer bee zombie (D:6)
  4 worker ants
  2 hound skeletons
  8 gnolls
  A howler monkey skeleton (D:8)
  9 adders
  A shadow imp (D:5)
  An adder skeleton (D:4)
  An adder zombie (D:5)
  3 dart slugs
  5 leopard geckos
  39 orcs
  A ball python (D:4)
  7 bats
  3 giant cockroaches
  5 goblins
  8 hobgoblins
  7 jackals
  10 kobolds
  6 quokkas
  4 frilled lizards
  2 orc skeletons (D:4)
  3 orc zombies
  5 rats
234 creatures vanquished.

Notes
Turn   | Place    | Note
-------+----------+-------------------------------------------
     0 | D:1      | ferdilos the Kobold Enchanter began the quest for the Orb.
     0 | D:1      | Reached XP level 1. HP: 10/10 MP: 3/3
    52 | D:1      | Reached XP level 2. HP: 15/15 MP: 5/5
    56 | D:1      | Learned a level 2 spell: Ensorcelled Hibernation
   568 | D:1      | Reached XP level 3. HP: 19/19 MP: 6/6
  1877 | D:1      | Reached skill level 5 in Stealth
  1877 | D:1      | Reached XP level 4. HP: 16/24 MP: 1/7
  2419 | D:2      | Found a shimmering altar of Xom.
  2481 | D:2      | Found an opulent altar of Gozag.
  2482 | D:2      | Found a sparkling altar of Nemelex Xobeh.
  2571 | D:2      | Found a sacrificial altar of Ru.
  3053 | D:2      | Learned a level 3 spell: Confuse
  3069 | D:3      | Reached XP level 5. HP: 28/28 MP: 9/9
  3200 | D:3      | Found an iron altar of Okawaru.
  4191 | D:4      | Found a sand-covered staircase.
  4202 | Ossuary  | Entered an ossuary
  4328 | D:4      | Reached XP level 6. HP: 32/32 MP: 6/10
  4623 | D:4      | Reached skill level 5 in Hexes
  4677 | D:4      | Reached XP level 7. HP: 25/36 MP: 8/12
  4954 | D:4      | Found a burning altar of Makhleb.
  5936 | D:4      | Reached XP level 8. HP: 41/41 MP: 7/14
  6766 | D:5      | Entered Level 5 of the Dungeon
  6771 | D:5      | Learned a level 3 spell: Dazzling Spray
  6817 | D:5      | Reached skill level 5 in Dodging
  7333 | D:5      | Noticed a troll
  7342 | D:5      | Killed a troll
  8265 | D:5      | Found Huugij's Gadget Shoppe.
  8367 | D:5      | Reached XP level 9. HP: 45/45 MP: 3/16
  8754 | D:5      | Found a stormy altar of Qazlal.
  8877 | D:6      | Found a runed translucent gate.
  8877 | D:6      | Found a runed translucent gate.
  8880 | D:6      | Found a runed translucent gate.
  8896 | D:6      | Reached skill level 5 in Spellcasting
  9297 | D:6      | Learned a level 3 spell: Tukima's Dance
  9415 | D:6      | Found Watilim's General Store.
  9572 | D:6      | Noticed ChickenMitten's ghost (novice DDFi)
  9764 | D:6      | Found a staircase to the Ecumenical Temple.
 10554 | D:7      | Found a snail-covered altar of Cheibriados.
 10610 | D:7      | Found a radiant altar of Vehumet.
 10661 | D:7      | Found a bloodstained altar of Trog.
 11135 | D:8      | Found Tobruhet's Assorted Antiques.
 11143 | D:8      | Noticed a two-headed ogre
 11159 | D:8      | Killed a two-headed ogre
 11159 | D:8      | Reached XP level 10. HP: 32/50 MP: 19/19
 11796 | D:8      | Found a basalt altar of Yredelemnul.
 11892 | D:9      | Found a hide-covered altar of Uskayaw.
 12161 | D:9      | Noticed poirepourri's ghost (novice MiFi)
 12162 | D:9      | Found a transporter.
 12162 | D:9      | Found a transporter.
 12162 | D:9      | Identified the +8 great mace "Vodghuip" {crush, +Fly}
 12162 | D:9      | Identified the +1 dire flail of the Fray {flame, +Blink rC+
                  | Str+4 Dex+4}
 12162 | D:9      | Noticed a two-headed ogre
 12162 | D:9      | Noticed a two-headed ogre
 12200 | D:9      | Reached skill level 10 in Stealth
 12245 | D:9      | Found a shattered altar of Ashenzari.
 12410 | D:9      | Learned a level 2 spell: Slow
 12706 | D:9      | Reached skill level 10 in Dodging
 12727 | D:9      | Reached XP level 11. HP: 51/54 MP: 18/21
 12913 | D:9      | Found a hazy altar of Hepliaklqana.
 13110 | D:9      | Noticed a two-headed ogre
 13147 | D:10     | Entered Level 10 of the Dungeon
 13199 | D:10     | Reached skill level 10 in Hexes
 13491 | D:10     | Found the +6 Majin-Bo {vamp, Archmagi MP+6 Int+6}
 13617 | D:10     | Noticed a two-headed ogre
 13623 | D:10     | Killed a two-headed ogre
 14393 | D:11     | Noticed a death yak
 14397 | D:11     | Noticed a death yak
 14479 | D:11     | Noticed a death yak
 14494 | D:11     | HP: 1/54 [death yak (28)]
 14494 | D:11     | Mangled by a death yak

Skill      XL: |  1  2  3  4  5  6  7  8  9 10 11 |
---------------+----------------------------------+-----
Stealth        | 5 6 7 8 9 10 11 | 11.2
Hexes          | 4 5 6 8 9 10 | 10.6
Spellcasting   | 3 4 6 7 |  7.5
Dodging        | 3 4 6 9 10 11 | 11.5
Short Blades   | |  1.3

Action                   |  1- 3 |  4- 6 |  7- 9 | 10-12 || total
-------------------------+-------+-------+-------+-------++-------
Melee: Dagger            |    61 |   136 |   191 |   178 ||   566
 Cast: Ensorcelled Hiber |    23 |    22 |   119 |   132 ||   296
       Confuse           |       |    18 |    13 |    10 ||    41
       Dazzling Spray    |       |       |     4 |     1 ||     5
       Slow              |       |       |       |     1 ||     1
  Use: Scroll            |     4 |     3 |    12 |     1 ||    20
       Potion            |       |       |     1 |       ||     1
 Stab: Sleeping          |    18 |    20 |    81 |    75 ||   194
       Confused          |       |    10 |    10 |     9 ||    29
  Eat: Chunk             |     8 |     9 |    25 |    13 ||    55
Armor: Robe              |    11 |     7 |    10 |    12 ||    40
Dodge: Dodged            |    71 |    67 |   180 |   202 ||   520
